 Dungeon Crawl Stone Soup version 0.20.0-15-g7f486f2 (webtiles) character file.

1150 Hook the Grave Robber (level 8, -4/54 HPs)
             Began as a Mummy Necromancer on June 21, 2017.
             Slain by Pikel
             ... wielding a +0 whip of freezing
              (9 damage)
             ... on level 6 of the Dungeon.
             The game lasted 00:35:16 (10211 turns).

Hook the Grave Robber (Mummy Necromancer)          Turns: 10211, Time: 00:35:17

Health: -4/54      AC:  3    Str: 11      XL:     8   Next: 15%
Magic:  2/17       EV: 12    Int: 16      God:
Gold:   191        SH:  0    Dex:  5 (13) Spells: 9/19 levels left

rFire    x . .     SeeInvis .   n - +0 short sword (speed)
rCold    + . .     Gourm    .   (no shield)
rNeg     + + +     Faith    .   a - +0 robe
rPois    ∞         Spirit   .   (no helmet)
rElec    .         Reflect  .   (no cloak)
rCorr    .         Harm     .   (no gloves)
MR       +....                  h - +0 pair of boots
Stlth    +.........             (no amulet)
Regen    0.2/turn               e - ring of flight
MPRegen  0.2/turn               (no ring)

@: no status effects
A: no food or potions, fire vulnerability, cold resistance 1, negative energy
resistance 3, torment resistance, unbreathing
a: Evoke Flight


You were on level 6 of the Dungeon.
You were not hungry.

You visited 1 branch of the dungeon, and saw 7 of its levels.

You collected 191 gold pieces.

Inventory:

Hand Weapons
 c - a +0 dagger
 f - a +0 fustibalus
 i - a +0 whip
 n - a +0 short sword of speed (weapon)
Missiles
 q - 2 tomahawks (quivered)
Armour
 a - a +0 robe (worn)
 h - a +0 pair of boots (worn)
Jewellery
 e - a ring of flight (left hand)
 s - an uncursed ring of see invisible {unknown}
Wands
 p - a wand of flame (15/48)
 r - a wand of random effects (33/48)
 t - a wand of confusion (6/48)
Scrolls
 d - a scroll of magic mapping
 g - 5 scrolls of remove curse
 k - a scroll of amnesia
 l - a scroll of recharging {unknown}
 m - a scroll of identify
 o - a scroll of random uselessness {unknown}
Books
 b - a book of Necromancy

   Spells                             Type                      Level
   a - Pain                           Necromancy                   1
   b - Animate Skeleton               Necromancy                   1
   c - Vampiric Draining              Necromancy                   3
   d - Regeneration                   Charms/Necromancy            3
   e - Animate Dead                   Necromancy                   4
   f - Control Undead                 Necromancy                   4
 j - a book of Cantrips

   Spells                             Type                      Level
   a - Confusing Touch                Hexes                        1
   b - Animate Skeleton               Necromancy                   1
   c - Summon Small Mammal            Summoning                    1
   d - Apportation                    Translocation                1


   Skills:
 + Level 1.2 Fighting
 + Level 0.4 Short Blades
 + Level 1.6 Maces & Flails
 * Level 3.5 Dodging
 + Level 2.0 Stealth
 + Level 6.0 Spellcasting
 + Level 0.7 Summonings
 * Level 7.7 Necromancy
 + Level 0.4 Evocations


You had 9 spell levels left.
You knew the following spells:

 Your Spells              Type           Power        Failure   Level  Hunger
a - Pain                  Necr           ####         1%          1    N/A
b - Animate Skeleton      Necr           N/A          1%          1    N/A
c - Vampiric Draining     Necr           ####......   1%          3    N/A
d - Animate Dead          Necr           N/A          5%          4    N/A
e - Summon Small Mammal   Summ           #...         11%         1    N/A

Dungeon Overview and Level Annotations

Branches:
Dungeon (7/15)
 Temple: D:4-7

Altars:
Makhleb
Qazlal
Vehumet
Xom

Annotations:
D:2 2 transporters
D:5 Ezendos's ghost, amateur HOFE
D:6 Pikel


Innate Abilities, Weirdness & Mutations

You do not eat or drink.
Your flesh is vulnerable to fire.
You are immune to poison.
Your flesh is cold resistant. (rC+)
You are immune to negative energy. (rN+++)
You are immune to unholy pain and torment.
You can survive without breathing.


Message History

Pikel hits you with a whip of freezing! Pikel freezes you.
There is a stone staircase leading up here.
Pikel hits you with a whip of freezing. Pikel freezes you.
* * * LOW HITPOINT WARNING * * *
Pikel barely misses you.
You climb upwards.
There is a stone staircase leading down here.
Casting: Vampiric Draining
Confirm with . or Enter, or press ? or * to list all spells.
You don't have enough magic to cast that spell.
Unknown command.
You barely miss Pikel.
Pikel is moderately wounded.
Pikel hits you with a whip of freezing!
* * * LOW HITPOINT WARNING * * *
Pikel freezes you.
* * * LOW HITPOINT WARNING * * *
Found a short fluorescent wand.
Pikel hits you with a whip of freezing!
You die...

...... ..... ...
#.# .##
####.####### ..
#.........<# . #
#..........# ≈≈
#..K>.W....#
##≈≈≈ .
##@####.####
..≈≈.
..##.####'## ##+
.≈≈..
.......).).#....
≈....
...........'.....
≈..≈≈
...........#.....
.≈≈.(
...........#.....
....⌠
/.....!..(..#
.... ...≈≈
.............#
... ..≈..
...........# ...


You could see Pikel (berserk) and a phantom.

Vanquished Creatures
  A slave (D:7)
  3 ogres
  4 scorpions
  A water moccasin skeleton (D:5)
  A centaur skeleton (D:4)
  2 hounds
  An orc priest (D:4)
  2 orc wizards (D:4)
  Natasha (twice) (D:4)
  An iguana (D:4)
  2 worker ants
  A hound skeleton (D:5)
  A gnoll (D:1)
  5 adders
  2 shadow imps
  4 oozes
  2 adder skeletons (D:4)
  7 worms
  2 dart slugs
  3 leopard geckos
  22 orcs
  6 bats
  6 giant cockroaches
  10 goblins
  8 hobgoblins
  5 jackals
  2 quokkas
  2 ball pythons
  7 frilled lizards
  A jackal skeleton (D:4)
  11 kobolds
  A leopard gecko skeleton (D:4)
  8 rats
136 creatures vanquished.

Vanquished Creatures (collateral kills)
  A necrophage (D:5)
  A quasit (D:6)
  A hound (D:5)
  A bullfrog skeleton (D:5)
  Natasha (D:4)
  2 orcs
  3 jackals (D:4)
  A bat (D:1)
  A frilled lizard (D:2)
12 creatures vanquished.

Vanquished Creatures (others)
  2 plants (D:2)
2 creatures vanquished.

Grand Total: 150 creatures vanquished

Notes
Turn   | Place    | Note
-------+----------+-------------------------------------------
     0 | D:1      | Hook the Mummy Necromancer began the quest for the Orb.
     0 | D:1      | Reached XP level 1. HP: 13/13 MP: 4/4
   255 | D:1      | Learned a level 1 spell: Animate Skeleton
   340 | D:1      | Reached XP level 2. HP: 19/19 MP: 5/5
   874 | D:1      | Reached XP level 3. HP: 13/24 MP: 0/7
   984 | D:1      | Learned a level 3 spell: Vampiric Draining
  1658 | D:2      | Reached skill level 5 in Necromancy
  1662 | D:2      | Found a transporter.
  1679 | D:2      | Found a transporter.
  1703 | D:2      | Noticed a hippogriff
  1703 | D:2      | Noticed an ice beast
  1767 | D:2      | Found a shimmering altar of Xom.
  2021 | D:2      | Reached XP level 4. HP: 30/30 MP: 8/8
  2027 | D:2      | Learned a level 4 spell: Animate Dead
  3747 | D:3      | Reached XP level 5. HP: 17/35 MP: 5/10
  4712 | D:4      | Noticed a phantom
  4903 | D:4      | Reached skill level 6 in Necromancy
  5112 | D:4      | Reached XP level 6. HP: 30/41 MP: 4/12
  5224 | D:4      | Reached skill level 1 in Maces & Flails
  5322 | D:4      | Noticed Natasha
  5326 | D:4      | Killed Natasha
  5332 | D:4      | Noticed Natasha
  5352 | D:4      | Killed Natasha
  5783 | D:4      | Noticed Natasha
  5791 | D:4      | Killed Natasha
  6022 | D:4      | Reached XP level 7. HP: 42/46 MP: 9/13
  6281 | D:5      | Entered Level 5 of the Dungeon
  6367 | D:5      | Found a stormy altar of Qazlal.
  6728 | D:5      | Noticed Ezendos's ghost (amateur HOFE)
  6744 | D:5      | Found a radiant altar of Vehumet.
  6755 | D:5      | Reached skill level 7 in Necromancy
  7579 | D:2      | Learned a level 1 spell: Summon Small Mammal
  7950 | D:4      | Reached skill level 5 in Spellcasting
  8305 | D:5      | Reached skill level 1 in Fighting
  9572 | D:4      | Reached XP level 8. HP: 48/54 MP: 12/16
  9707 | D:5      | Found a burning altar of Makhleb.
 10177 | D:7      | Noticed Pikel
 10211 | D:6      | Slain by Pikel

Skill      XL: |  1  2  3  4  5  6  7  8 |
---------------+-------------------------+-----
Spellcasting   | 3 4 5 6 |  6.0
Necromancy     | 5 6 7 |  7.7
Dodging        | 2 3 |  3.5
Maces & Flails | 1 |  1.6
Fighting       | 1 |  1.2
Stealth        | 2 |  2.0
Short Blades   | |  0.4
Summonings     | |  0.7
Evocations     | |  0.4

Action                   |  1- 3 |  4- 6 |  7- 9 || total
-------------------------+-------+-------+-------++-------
Melee: Dagger            |    34 |       |       ||    34
       Whip              |     1 |   136 |   156 ||   293
       Short sword       |       |       |    40 ||    40
 Cast: Pain              |    69 |   103 |    45 ||   217
       Animate Skeleton  |    10 |     2 |       ||    12
       Animate Dead      |       |    17 |    11 ||    28
       Vampiric Draining |       |    11 |    24 ||    35
       Summon Small Mamm |       |       |    72 ||    72
Evoke: Wand              |       |       |     9 ||     9
  Use: Scroll            |     4 |     5 |     3 ||    12
 Stab: Sleeping          |     3 |     1 |       ||     4
       Distracted        |       |     1 |       ||     1
       Confused          |       |       |     1 ||     1
Armor: Robe              |     9 |    22 |    64 ||    95
Dodge: Dodged            |    27 |    94 |   196 ||   317
